 Dungeon Crawl Stone Soup version 0.21.1-1-g345015f (webtiles) character file.

169 Monsterracer the Firebug (level 5, 21/21 HPs)
             Began as a Felid Fire Elementalist on Feb 8, 2018.
             Quit the game on level 4 of the Dungeon.
             The game lasted 00:06:19 (3658 turns).

Monsterracer the Firebug (Felid Fire Elementalist)  Turns: 3658, Time: 00:06:20

Health: 21/21      AC:  2    Str:  4    XL:     5   Next: 25%
Magic:  10/10      EV: 18    Int: 19    God:
Gold:   143        SH:  0    Dex: 16    Spells: 2/10 levels left
                                        Lives:  0   Deaths: 1

rFire    . . .     SeeInvis +   (weapon unavailable)
rCold    . . .     Gourm    .   (shield unavailable)
rNeg     . . .     Faith    .   (armour unavailable)
rPois    .         Spirit   .   (helmet unavailable)
rElec    .         Reflect  .   (cloak unavailable)
rCorr    .         Harm     .   (gloves unavailable)
MR       .....                  (boots unavailable)
Stlth    +++.......             (no amulet)
HPRegen  0.07/turn              (no ring)
MPRegen  0.12/turn              (no ring)

@: quick
A: very small, no armour, no weapons or thrown items, stealth, claws 1, fangs 3,
see invisible, carnivore, speed 1, shaggy fur 2, slow metabolism 1, sharp paws
a: no special abilities


You were on level 4 of the Dungeon.
You were not hungry.

You visited 1 branch of the dungeon, and saw 4 of its levels.

You collected 143 gold pieces.

Inventory:

Scrolls
 e - 2 scrolls of amnesia
 f - a scroll of fog
 g - 2 scrolls of magic mapping {!r}
 j - 2 scrolls of teleportation
Potions
 d - a potion of heal wounds
 k - 2 potions of curing
 l - a potion of lignification {unknown}
 m - a potion of flight
 q - a potion of berserk rage {unknown}
 r - a potion of haste {unknown}
Books
 a - a book of Flames

   Spells                             Type                      Level
   a - Flame Tongue                   Conjuration/Fire             1
   b - Throw Flame                    Conjuration/Fire             2
   c - Conjure Flame                  Conjuration/Fire             3
   d - Inner Flame                    Hexes/Fire                   3
   e - Sticky Flame                   Conjuration/Fire             4
   f - Fireball                       Conjuration/Fire             5
Comestibles
 c - 4 rations


   Skills:
 - Level 2.6 Dodging
 - Level 2.6 Stealth
 + Level 3.1 Spellcasting
 * Level 3.6 Conjurations
 * Level 4.5 Fire Magic


You had 2 spell levels left.
You knew the following spells:

 Your Spells              Type           Power        Failure   Level  Hunger
a - Flame Tongue          Conj/Fire      ###..        2%          1    None
b - Conjure Flame         Conj/Fire      ###.....     9%          3    ###....
c - Sticky Flame          Conj/Fire      ###.....     26%         4    ####...


Dungeon Overview and Level Annotations

Branches:
Dungeon (4/15)
 Temple: D:4-7

Altars:
Ru
Yredelemnul


Innate Abilities, Weirdness & Mutations

You cannot wear armour.
You are incapable of wielding weapons or throwing items.
Your paws allow you to move quietly. (Stealth)
You have sharp claws.
You have razor-sharp teeth.
You have supernaturally acute eyesight. (SInv)
You are carnivorous and can eat meat at any time.
You cover ground quickly.
You are covered in thick fur. (AC +2)
You have a slow metabolism.
Your sharp claws are effective at attacking unaware monsters.


Message History

It was a scroll of blinking.
As you read the scroll labeled YFEURE IKHLA, it crumbles to dust.
You feel strangely unstable.
It was a scroll of teleportation.
There is a stone staircase leading up here.
You climb upwards.
Your surroundings suddenly seem different.
There is a stone staircase leading down here.
You climb downwards.
There is a stone staircase leading up here.
Found a chain mail.
You now have 135 gold pieces (gained 11).
You see here a chain mail.
You now have 143 gold pieces (gained 8).
A leopard gecko comes into view.
The leopard gecko hisses angrily.
A leopard gecko is nearby!
A leopard gecko is nearby!
A leopard gecko is nearby!
The leopard gecko barely misses you.
Found a stone staircase leading down.
You scratch the leopard gecko. Your bite misses the leopard gecko.
The leopard gecko is moderately wounded.
The leopard gecko bites you but does no damage.
You scratch the leopard gecko but do no damage.
You bite the leopard gecko.
The leopard gecko is severely wounded.
The leopard gecko closely misses you.
You closely miss the leopard gecko.
The leopard gecko is severely wounded.
The leopard gecko barely misses you. The leopard gecko misses you.
You scratch the leopard gecko.
The leopard gecko is almost dead.
The leopard gecko bites you but does no damage.
You miss the leopard gecko.
The leopard gecko is almost dead.
The leopard gecko misses you.
You miss the leopard gecko.
The leopard gecko is almost dead.
The leopard gecko bites you.
You take 3 damage, and have 21/24 hp.
You scratch the leopard gecko.
You kill the leopard gecko!
b - a scroll of identify Your magical contamination has completely faded away.
As you read the scroll of identify, it crumbles to dust.
m - a potion of flight HP restored.
A gnoll comes into view. It is wielding a club.
Health restored: 24 A gnoll is nearby!
A gnoll is nearby!
Casting: Flame Tongue
Confirm with . or Enter, or press ? or * to list all spells.
You can't see any susceptible monsters within range! (Use Z to cast anyway.)
Casting: Flame Tongue
Confirm with . or Enter, or press ? or * to list all spells.
You can't see any susceptible monsters within range! (Use Z to cast anyway.) 2 gnolls come into view.
Found an escape hatch in the floor.
Casting: Flame Tongue
Confirm with . or Enter, or press ? or * to list all spells.
Aiming: Flame Tongue
Press: ? - help, Shift-Dir - straight line, f - gnoll
Aim: a gnoll, wielding a club (resting)
The flame tongue hits the gnoll.
The gnoll is severely wounded.
The gnoll shouts!
You hear a bark! x2
The gnoll throws a throwing net.
The throwing net hits you.
You become entangled in the net!
Casting: Flame Tongue
Confirm with . or Enter, or press ? or * to list all spells.
Aiming: Flame Tongue
Press: ? - help, Shift-Dir - straight line, f/p - gnoll
Aim: a gnoll, wielding a club (severely wounded)
The flame tongue misses the gnoll.
A gnoll comes into view. It is wielding a halberd.
You now have 9/11 mp.
Casting: Flame Tongue
Confirm with . or Enter, or press ? or * to list all spells.
Aiming: Flame Tongue
Press: ? - help, Shift-Dir - straight line, f/p - gnoll
Aim: a gnoll, wielding a club (severely wounded)
The flame tongue hits the gnoll.
You kill the gnoll!
You now have 8/11 mp.
You struggle against the net.
The gnoll barely misses you. x2
You struggle against the net.
The gnoll hits you from afar with a halberd!
The gnoll hits you from afar with a halberd!!
Ouch! That really hurt!
You die...
You are now level 5!
You rejoin the land of the living...
You take 3 damage, and have 21/21 hp.
MP restored: 10
Casting: Flame Tongue
Confirm with . or Enter, or press ? or * to list all spells.
Okay, then.
Okay, then.
Are you sure you want to abandon this character and quit the game? (Confirm with "yes".)

*,***,,,***,,**,*,,,,,,*,*
*,**,,,,.##..**,*,**,**,,*
****,*,,,,,,.#..**,*,**,**,**
*,**,,,,,,,,,...,,,,,**,**,*
*,,,,*,,,,,,,#..**,#***,**,*
,,,****,,,,,*#..**.# *,**,*
,,** **,..###..##.# *,**,*
*** **..........####.**,*
*****#..@.......**,*
##.########**,* #.* *,*
#.**********,* #.,,,,,,,,,,,*
##************


There were no monsters in sight!

Vanquished Creatures
  Grinder (D:3)
  A gnoll (D:4)
  2 adders (D:2)
  2 worms (D:2)
  5 dart slugs
  4 leopard geckos
  10 bats
  4 giant cockroaches
  2 gnoll zombies (D:2)
  6 goblins
  8 hobgoblins
  9 jackals
  5 kobolds
  4 frilled lizards
  14 rats
77 creatures vanquished.

Vanquished Creatures (others)
  2 plants (D:4)
2 creatures vanquished.

Grand Total: 79 creatures vanquished

Notes
Turn   | Place    | Note
-------+----------+-------------------------------------------
     0 | D:1      | Monsterracer the Felid Fire Elementalist began the quest for the Orb.
     0 | D:1      | Reached XP level 1. HP: 7/7 MP: 4/4
    17 | D:1      | Reached skill level 1 in Conjurations
   279 | D:1      | Reached XP level 2. HP: 11/11 MP: 4/6
   534 | D:1      | Reached skill level 3 in Fire Magic
   943 | D:1      | Reached XP level 3. HP: 14/14 MP: 5/7
   960 | D:1      | Learned a level 3 spell: Conjure Flame
  1813 | D:2      | Reached XP level 4. HP: 18/18 MP: 4/8
  2207 | D:2      | Learned a level 4 spell: Sticky Flame
  2429 | D:3      | Noticed Grinder
  2456 | D:3      | Paralysed by Grinder for 5 turns
  2469 | D:3      | Killed Grinder
  2469 | D:3      | Reached skill level 4 in Fire Magic
  2469 | D:3      | Reached XP level 5. HP: 14/21 MP: 3/10
  2469 | D:3      | Gained mutation: You are covered in thick fur. (AC +2) [Felid growth]
  2469 | D:3      | Reached XP level 6. HP: 16/24 MP: 3/11
  2803 | D:2      | Found a sacrificial altar of Ru.
  2935 | D:2      | Found a basalt altar of Yredelemnul.
  3657 | D:4      | Slain by a gnoll
  3658 | D:4      | Reached XP level 5. HP: -3/21 MP: 8/10
  3658 | D:4      | Quit the game

Skill      XL: |  1  2  3  4 |
---------------+-------------+-----
Conjurations   | 1 2 3 |  3.6
Fire Magic     | 3 4 |  4.5
Spellcasting   | 3 |  3.1
Dodging        | |  2.6
Stealth        | |  2.6

Action                   |  1- 3 |  4- 6 || total
-------------------------+-------+-------++-------
Melee: Unarmed           |    26 |    94 ||   120
       Bite              |     4 |     5 ||     9
 Cast: Flame Tongue      |    63 |    54 ||   117
  Use: Scroll            |       |    12 ||    12
 Stab: Sleeping          |     2 |     3 ||     5
  Eat: Chunk             |    10 |     3 ||    13
Armor: Skin              |     4 |    17 ||    21
Dodge: Dodged            |    38 |    73 ||   111

Vault maps used:
D:1:      tarquinn_simple_flora_water_d
D:2:      lemuel_doored_altar, lemuel_zombie_altar_yredelemnul, first_ration
D:3:      uniq_grinder
D:4:      cheibrodos_greedy_goblins, serial_forest,
          infiniplex_forest_straight_3, infiniplex_forest_diagonal,
          infiniplex_forest_corner_1, infiniplex_forest_lined_3,
          infiniplex_forest_lined_room_2, infiniplex_forest_end_2,
          infiniplex_forest_lined_room_, uniq_pikel
